 Dungeon Crawl Stone Soup version 0.22.1 (webtiles) character file.

147 MalarOregon the Skirmisher (level 5, -2/51 HPs)
             Began as a Hill Orc Fighter on Sept 17, 2018.
             Killed by divine providence
             ... invoked by an orc priest
              (14 damage)
             ... on level 3 of the Dungeon.
             The game lasted 00:02:36 (1866 turns).

MalarOregon the Skirmisher (Hill Orc Fighter)       Turns: 1866, Time: 00:02:37

Health: -2/51      AC:  7    Str: 19    XL:     5   Next: 29%
Magic:  4/4        EV:  8    Int:  9    God:
Gold:   120        SH:  9    Dex: 10    Spells: 4/4 levels left

rFire    . . .     SeeInvis .   a - +0 war axe
rCold    . . .     Gourm    .   c - +0 shield
rNeg     . . .     Faith    .   b - +0 scale mail
rPois    .         Spirit   .   (no helmet)
rElec    .         Reflect  .   (no cloak)
rCorr    .         Harm     .   (no gloves)
MR       .....     Clarity  +   (no boots)
Stlth    ..........             (no amulet)
HPRegen  0.17/turn              (no ring)
MPRegen  0.09/turn              (no ring)

@: no status effects
A: clarity, low mp 2, robust 1
a: Convert to Beogh


You were on level 3 of the Dungeon.
You were not hungry.

You visited 1 branch of the dungeon, and saw 3 of its levels.

You collected 120 gold pieces.

Inventory:

Hand Weapons
 a - a +0 war axe (weapon)
Armour
 b - a +0 scale mail (worn)
 c - a +0 shield (worn)
Jewellery
 i - an uncursed amulet of faith {unknown}
Scrolls
 g - 2 scrolls of enchant weapon {unknown}
 h - 4 scrolls of identify {unknown}
 j - a scroll of noise {unknown}
 m - a scroll of blinking {unknown}
 n - a scroll of fear {unknown}
 p - a scroll of remove curse {unknown}
 r - a scroll of teleportation {unknown}
 s - a scroll of random uselessness {unknown}
 t - a scroll of magic mapping {unknown}
Potions
 d - 2 potions of might
 e - a potion of magic {unknown}
 k - a potion of mutation
 l - a potion of haste {unknown}
 o - a potion of brilliance {unknown}
Comestibles
 f - a ration
 q - 8 chunks of flesh


   Skills:
 + Level 4.5 Fighting
 + Level 3.8 Axes
 + Level 4.1 Armour
 + Level 1.4 Dodging
 + Level 4.1 Shields


You had 4 spell levels left.
You didn't know any spells.
Your spell library was empty.

Dungeon Overview and Level Annotations

Branches:
Dungeon (3/15)

Altars:
Okawaru

Annotations:
D:3 Robin


Innate Abilities, Weirdness & Mutations

You possess an exceptional clarity of mind.
Your magical capacity is very low. (-20% MP)
You are robust. (+10% HP)


Message History

You block the orc priest's attack.
Robin hits you with a short sword of electrocution.
You are electrocuted!
The goblin hits you but does no damage.
The hobgoblin moves out of view.
You hit the orc priest.
The orc priest is almost dead.
You hit the hobgoblin. You hit Robin. You closely miss the goblin.
The orc priest mumbles some strange prayers to Beogh against you.
Beogh smites you!
* * * LOW HITPOINT WARNING * * *
The hobgoblin hits you but does no damage.
Robin hits you with a short sword of electrocution.
* * * LOW HITPOINT WARNING * * *
A goblin comes into view.
You block the goblin's attack.
You hear a shout!
You are too injured to fight recklessly!
The orc priest calls down the wrath of Beogh upon you.
Beogh smites you!
You die...

#.....# .#
####.....##..##
..............#
####.....####.#
#.....# .####
..#####.###
..... ........#
.#.## ..##.#..#
#..#.## .. #.@#
...... #. #g.#
#.#.####
......gog......
........
...g##.g#######
รท.#... ..g
...# .## ##
##.## .# #.
.###### #.
.......# #.


You could see Robin, an orc priest, 2 hobgoblins and 3 goblins.

Vanquished Creatures
  5 adders (D:2)
  2 oozes (D:3)
  3 worms
  A dart slug (D:1)
  2 orcs (D:3)
  A ball python (D:2)
  4 giant cockroaches
  9 goblins
  7 hobgoblins
  11 jackals
  12 kobolds
  9 bats
  9 frilled lizards
  8 rats
83 creatures vanquished.

Notes
Turn   | Place    | Note
-------+----------+-------------------------------------------
     0 | D:1      | MalarOregon the Hill Orc Fighter began the quest for the
                  | Orb.
     0 | D:1      | Reached XP level 1. HP: 19/19 MP: 1/1
     2 | D:1      | Noticed a draconian
     2 | D:1      | Noticed a gargoyle
     4 | D:1      | Noticed a spriggan
     4 | D:1      | Noticed a dwarf
     6 | D:1      | Noticed a formicid
     8 | D:1      | Noticed an elf
     8 | D:1      | Noticed a felid
    10 | D:1      | Noticed a vine stalker
    10 | D:1      | Noticed a demigod
    12 | D:1      | Noticed a naga
    12 | D:1      | Noticed a merfolk
    14 | D:1      | Noticed a ghoul
    16 | D:1      | Noticed a demonspawn
    16 | D:1      | Noticed a human
    18 | D:1      | Noticed a tengu
    20 | D:1      | Noticed an ogre
    22 | D:1      | Noticed a halfling
    22 | D:1      | Noticed a troll
    24 | D:1      | Noticed a centaur
    24 | D:1      | Noticed an octopode
    26 | D:1      | Noticed a minotaur
    26 | D:1      | Noticed a vampire
    73 | D:1      | Reached XP level 2. HP: 22/27 MP: 2/2
   314 | D:1      | Reached XP level 3. HP: 26/33 MP: 3/3
   728 | D:2      | Gained mutation: Your magical capacity is low. (-10% MP)
                  | [potion of mutation]
   728 | D:2      | Gained mutation: You are robust. (+10% HP) [potion of
                  | mutation]
   728 | D:2      | Gained mutation: Your magical capacity is very low. (-20%
                  | MP) [potion of mutation]
   728 | D:2      | Gained mutation: You possess an exceptional clarity of
                  | mind. [potion of mutation]
   736 | D:2      | Reached skill level 1 in Dodging
   736 | D:2      | Reached XP level 4. HP: 34/44 MP: 3/3
  1409 | D:2      | Found an iron altar of Okawaru.
  1652 | D:3      | Reached XP level 5. HP: 49/51 MP: 4/4
  1855 | D:3      | Noticed Robin
  1866 | D:3      | Killed from afar by an orc priest

Skill      XL: |  1  2  3  4 |
---------------+-------------+-----
Axes           | 3 |  3.8
Fighting       | 4 |  4.5
Dodging        | 1 |  1.4
Armour         | 4 |  4.1
Shields        | 4 |  4.1

Action                   |  1- 3 |  4- 6 || total
-------------------------+-------+-------++-------
Melee: War axe           |   118 |   131 ||   249
  Use: Potion            |     2 |       ||     2
  Eat: Chunk             |       |     4 ||     4
Armor: Scale mail        |    57 |    61 ||   118
Dodge: Dodged            |    54 |    52 ||   106
Block: Shield            |    94 |    74 ||   168
